 Dungeon Sprint DCSS version 0.17-a0-1450-g7e755d1 (webtiles) character file.

79989 pulse the Phalangite (level 16, -3/139 HPs)
             Began as a Formicid Fighter on June 30, 2015.
             Was the Champion of Qazlal.
             Killed from afar by Xtahua (35 damage)
             ... with a searing blast
             ... in the Dungeon (Sprint IX: "|||||||||||||||||||||||||||||").
             The game lasted 00:17:21 (5418 turns).

pulse the Phalangite (Formicid Fighter)             Turns: 5418, Time: 00:17:21

Health: -3/139     AC: 25    Str: 31    XL:     16   Next: 13%
Magic:  22/28      EV: 21    Int:  8    God:    Qazlal [******]
Gold:   697        SH: 27    Dex: 21    Spells: 0 memorised, 15 levels left

rFire  + . .     SeeInvis +     G - +6 bardiche "Hell-Harrower" {speed, rF+}
rCold  + + .     Clarity  .     y - +1 ice dragon armour
rNeg   . . .     SustAt   .     d - +2 shield of the Cast Vote {Dex+5}
rPois  +         Gourm    .     (helmet unavailable)
rElec  .         Spirit   .     q - +2 cloak {+Inv}
rCorr  .         Warding  .     a - +0 pair of gloves
rMut   .         Stasis   +     D - +1 pair of boots
MR     +....                    (no amulet)
Stlth  ..........               e - +3 ring of protection
                                C - ring of Xangoef {rPois Str+4 Slay+2 Stlth-}

@: agile, protected from fire, repel missiles, somewhat resistant to hostile
enchantments, extremely unstealthy
A: permanent stasis, dig shafts and tunnels, four strong arms, antennae 3
a: Dig, Upheaval, Elemental Force, Disaster Area, Renounce Religion, Evoke
Invisibility


You were in the Dungeon.
You worshipped Qazlal.
Qazlal was exalted by your worship.
You were full.

You visited 1 branch You collected 1916 gold pieces.
You spent 1219 gold pieces at shops.

Inventory:

Hand weapons
 p - a +3 war axe of venom
 G - the +6 bardiche "Hell-Harrower" (weapon) {speed, rF+}
   (You found it in the Dungeon)

   Attacks with this weapon are significantly faster.
   It protects you from fire.
Missiles
 c - 18 javelins of returning (quivered)
Armour
 a - a +0 pair of gloves (worn)
 d - the +2 shield of the Cast Vote (worn) {Dex+5}
   (You took it off Donald in the Dungeon)

   It affects your dexterity (+5).
 q - a +2 cloak of invisibility (worn)
 y - a +1 ice dragon armour (worn)
 D - a +1 pair of boots (worn)
Magical staves
 b - an uncursed staff of energy
Jewellery
 e - a +3 ring of protection (right hand)
 r - a +3 ring of strength
 s - an uncursed ring of protection from fire
 B - the ring of Eluefyz {SustAt *Corrode rF+ MP+9}
   (You bought it in a shop in the Dungeon)

   [ring of sustain attributes]

   It sustains your strength, intelligence and dexterity.
   It protects you from fire.
   It affects your magic capacity (+9).
   It may corrode your equipment when you take damage.
 C - the ring of Xangoef (left hand) {rPois Str+4 Slay+2 Stlth-}
   (You bought it in a shop in the Dungeon)

   [ring of loudness]

   It affects your strength (+4).
   It affects your accuracy and damage with ranged weapons and melee attacks
   (+2).
   It protects you from poison.
   It makes you less stealthy.
 F - an uncursed ring of protection from cold
Magical devices
 o - a wand of draining (1)
Scrolls
 k - 3 scrolls of blinking
 m - 6 scrolls of remove curse
 n - 2 scrolls of amnesia
 u - 3 scrolls of fog
 v - 2 scrolls of fear
 w - a scroll of identify
Potions
 f - a potion of curing
 h - 2 potions of haste
 i - 4 potions of magic
 j - a potion of berserk rage
 l - a potion of invisibility
 t - a potion of agility
Comestibles
 x - 39 fruits
 z - 11 bread rations
 A - 10 meat rations


   Skills:
 + Level 16.7 Fighting
 - Level 22.3(25.7) Axes
 * Level 22.9(26.0) Polearms
 + Level 11.4 Armour
 - Level 7.0 Dodging
 + Level 18.3 Shields
 * Level 16.7 Invocations
 + Level 3.8 Evocations


You had 15 spell levels left.
You didn't know any spells.

Dungeon Overview and Level Annotations

Branches:
Dungeon (1/1)

Altars:
Cheibriados
Dithmenos
Elyvilon
Fedhas
Gozag
Kikubaaqudgha
Makhleb
Nemelex Xobeh
Okawaru
Qazlal
Ru
Sif Muna
Trog
Vehumet
Xom
Yredelemnul
Zin
The Shining One
Beogh
Jiyva
Lugonu

Shops:
D *:(=

Annotations:
D Frederick, Xtahua


Innate Abilities, Weirdness & Mutations

You are under a permanent stasis effect.
You can dig through walls and to a lower floor.
Your four strong arms can wield two-handed weapons with a shield.
You have a pair of large antennae on your head (SInv).


Message History

Aiming: Upheaval
Press: ? - help, Dir - move target cursor, f/p - Xtahua
Aim: Xtahua (moderately wounded, encased in ice)
Okay, then.
Drink which item? (? for menu, Esc to quit)
You feel much better.
Drink which item? (? for menu, Esc to quit)
You feel better. Xtahua breathes flames at you. The searing blast hits you!
You resist.
* * * LOW HITPOINT WARNING * * *
Drink which item? (? for menu, Esc to quit)
You feel more agile all of a sudden.
Drink which item? (? for menu, Esc to quit)
You feel better.
You barely miss Xtahua.
Xtahua is lightly wounded.
Xtahua breathes flames at you. The searing blast hits you! You resist.
You die...

.)....................[.....▓
▓▓▓▓▓▓▓▓▓▓▓▓▓▓▓▓▓▓▓▓▓▓▓▓▓▓▓▓▓
.....')).......'............▓
▓▓▓▓▓▓▓▓▓▓▓▓▓▓▓▓▓▓▓▓▓▓▓▓▓▓▓.▓
............................▓
▓▓▓▓▓▓▓▓▓▓▓▓▓▓▓▓▓▓▓▓▓▓▓▓▓▓▓▓▓
.)()).............'.........▓
▓▓▓▓▓▓▓▓▓▓▓▓▓▓▓▓▓▓▓▓▓▓▓▓▓▓▓.▓
......@≈.8@....D@§..........▓
▓▓▓▓▓▓▓▓▓▓▓▓▓▓▓▓▓▓▓▓▓▓▓▓▓▓▓▓▓


{{{{{{{{{ {{{{{{{{{{{{{ You could see Frederick and Xtahua.

Vanquished Creatures
  An ancient lich (D)
  Mennas (D)
  Nikola (D)
  A large abomination (D)
  A sphinx (D)
  Gastronok (D)
  Frances (D)
  A greater naga (D)
  A tengu reaver (D)
  A fire giant (D)
  Donald (D)
  Louise (D)
  A stone giant (D)
  2 ironheart preservers (D)
  A very ugly thing (D)
  2 vampire knights (D)
  A deep elf death mage (D)
  A merfolk javelineer (D)
  3 ettins (D)
  2 great orbs of eyes (D)
  7 ogre magi (D)
  2 yaktaur captains (D)
  A rakshasa (D)
  2 ice dragons (D)
  2 centaur warriors (D)
  An anaconda (D)
  A merfolk aquamancer (D)
  4 deep troll earth magi (D)
  An alligator (D)
  A tengu warrior (D)
  2 shock serpents (D)
  Sonja (D)
  2 spriggan berserkers (D)
  2 sea snakes (D)
  7 hill giants (D)
  2 deep trolls (D)
  A phantasmal warrior (D)
  2 wizards (D)
  An ugly thing (D)
  An ironbrand convoker (D)
  An orc sorcerer (D)
  A water nymph (D)
  An orb spider (shapeshifter) (D)
  A wolf spider (D)
  2 orc knights (D)
  A hornet (D)
  2 vault sentinels (D)
  An octopode (shapeshifter) (D)
  4 spiny frogs (D)
  4 black mambas (D)
  A siren (D)
  A naga mage (D)
  Psyche (D)
  A small abomination (D)
  An efreet (D)
  A yaktaur (D)
  3 jumping spiders (D)
  3 trolls (D)
  3 giant leeches (D)
  A blink frog (shapeshifter) (D)
  3 freezing wraiths (D)
  A snapping turtle (D)
  A slime creature (D)
  A merfolk (D)
  A two-headed ogre (D)
  3 blink frogs (D)
  3 bog bodies (D)
  3 tarantellas (D)
  A trapdoor spider (shapeshifter) (D)
  A trapdoor spider (D)
  2 basilisks (D)
  Eustachio (D)
  3 vampire mosquitoes (D)
  Grum (D)
  A naga (D)
  5 hippogriffs (D)
  4 wolves (D)
  4 porcupines (D)
  2 swamp drakes (D)
  9 orc warriors (D)
  A phantom (D)
  A wasp (D)
  2 centaurs (D)
  2 crocodiles (D)
  4 giant frogs (D)
  A wight (D)
  6 orc priests (D)
  3 orc wizards (D)
  2 river rats (D)
  An ooze (D)
  An adder zombie (D)
  6 orcs (D)
  A bat (D)
  A bat skeleton (D)
  2 hobgoblins (D)
  A giant cockroach simulacrum (D)
  A giant gecko skeleton (D)
  3 giant newts (D)
  A kobold (D)
  A quokka zombie (D)
  A crawling corpse (D)
194 creatures vanquished.

Vanquished Creatures (others)
  A blink frog (D)
  A plant (D)
2 creatures vanquished.

Grand Total: 196 creatures vanquished

Notes
Turn   | Place    | Note
--------------------------------------------------------------
     0 | D        | pulse the Formicid Fighter began the quest for the Orb.
     0 | D        | Reached XP level 1. HP: 18/18 MP: 1/1
     8 | D        | Reached skill level 4 in Shields
    48 | D        | Noticed a phantom
    55 | D        | Reached XP level 2. HP: 19/25 MP: 2/2
    97 | D        | Killed a phantom
    97 | D        | Reached skill level 5 in Fighting
    97 | D        | Reached skill level 5 in Armour
    97 | D        | Reached skill level 6 in Shields
    97 | D        | Reached XP level 3. HP: 8/33 MP: 3/3
    97 | D        | Reached XP level 4. HP: 9/39 MP: 4/4
    97 | D        | Reached XP level 5. HP: 10/44 MP: 5/5
   285 | D        | Found a glowing silver altar of Zin.
   285 | D        | Found a glowing golden altar of the Shining One.
   285 | D        | Found an ancient bone altar of Kikubaaqudgha.
   285 | D        | Found a basalt altar of Yredelemnul.
   285 | D        | Found a shimmering altar of Xom.
   285 | D        | Found a radiant altar of Vehumet.
   286 | D        | Found an iron altar of Okawaru.
   287 | D        | Found a burning altar of Makhleb.
   288 | D        | Found a deep blue altar of Sif Muna.
   289 | D        | Found a bloodstained altar of Trog.
   290 | D        | Found a sparkling altar of Nemelex Xobeh.
   291 | D        | Found a white marble altar of Elyvilon.
   292 | D        | Found a roughly hewn altar of Beogh.
   293 | D        | Found a viscous altar of Jiyva.
   294 | D        | Found a corrupted altar of Lugonu.
   295 | D        | Found a blossoming altar of Fedhas.
   296 | D        | Found a snail-covered altar of Cheibriados.
   297 | D        | Found a shadowy altar of Dithmenos.
   298 | D        | Found a stormy altar of Qazlal.
   299 | D        | Found an opulent altar of Gozag.
   300 | D        | Found a sacrificial altar of Ru.
   306 | D        | Became a worshipper of Qazlal Stormbringer
   358 | D        | Noticed a hippogriff
   358 | D        | Noticed a hippogriff
   358 | D        | Noticed a two-headed ogre
   358 | D        | Noticed a wight
   358 | D        | Noticed a centaur
   361 | D        | Killed a hippogriff
   361 | D        | Reached skill level 8 in Shields
   361 | D        | Reached XP level 6. HP: 49/53 MP: 6/6
   364 | D        | Killed a hippogriff
   364 | D        | Reached skill level 5 in Axes
   364 | D        | Reached skill level 5 in Dodging
   364 | D        | Reached skill level 9 in Shields
   367 | D        | Killed a two-headed ogre
   367 | D        | Acquired Qazlal's first power
   367 | D        | Reached skill level 10 in Shields
   367 | D        | Reached XP level 7. HP: 8/60 MP: 7/7
   374 | D        | Killed a wight
   381 | D        | Killed a centaur
   381 | D        | Acquired Qazlal's second power
   728 | D        | Noticed an orc warrior
   728 | D        | Noticed a centaur
   728 | D        | Noticed a hill giant
   728 | D        | Noticed a centaur warrior
   732 | D        | Killed a centaur
   732 | D        | Reached XP level 8. HP: 60/68 MP: 8/8
   734 | D        | Killed an orc warrior
   739 | D        | Killed a hill giant
   739 | D        | Acquired Qazlal's third power
   739 | D        | Reached skill level 11 in Axes
   739 | D        | Reached skill level 1 in Evocations
   747 | D        | Killed a centaur warrior
   747 | D        | Reached skill level 13 in Axes
   747 | D        | Reached XP level 9. HP: 56/73 MP: 9/9
   877 | D        | Noticed a spiny frog
   877 | D        | Noticed a spiny frog
   877 | D        | Noticed a porcupine
   877 | D        | Noticed a black mamba
   877 | D        | Noticed a blink frog
   877 | D        | Noticed a giant frog
   878 | D        | Killed a porcupine
   878 | D        | Reached skill level 14 in Axes
   881 | D        | Noticed a hippogriff
   883 | D        | Noticed a hippogriff
   885 | D        | Killed a spiny frog
   885 | D        | Acquired Qazlal's fourth power
   888 | D        | Killed a spiny frog
   888 | D        | Reached skill level 15 in Axes
   896 | D        | Killed a black mamba
   896 | D        | Reached skill level 16 in Axes
   896 | D        | Reached XP level 10. HP: 41/80 MP: 9/11
   897 | D        | Noticed a porcupine
   901 | D        | Killed a blink frog
   901 | D        | Killed a giant frog
   909 | D        | Killed a hippogriff
   909 | D        | Acquired Qazlal's fifth power
   911 | D        | Killed a hippogriff
   914 | D        | Killed a porcupine
  1178 | D        | Noticed a porcupine
  1178 | D        | Noticed a crocodile
  1178 | D        | Noticed a basilisk
  1178 | D        | Noticed a spiny frog
  1178 | D        | Noticed a porcupine
  1180 | D        | Noticed a crocodile
  1180 | D        | Killed a porcupine
  1184 | D        | Noticed a basilisk
  1185 | D        | Killed a crocodile
  1185 | D        | Reached skill level 17 in Axes
  1196 | D        | Killed a basilisk
  1214 | D        | Killed a spiny frog
  1218 | D        | Killed a porcupine
  1222 | D        | Killed a crocodile
  1237 | D        | Killed a basilisk
  1237 | D        | Reached skill level 18 in Axes
  1259 | D        | Noticed a giant frog
  1259 | D        | Noticed a giant leech
  1259 | D        | Noticed a giant leech
  1259 | D        | Noticed a vampire mosquito
  1259 | D        | Noticed a spiny frog
  1259 | D        | Noticed a giant leech
  1262 | D        | Noticed a blink frog
  1262 | D        | Killed a giant frog
  1267 | D        | Noticed a blink frog
  1274 | D        | Killed a giant leech
  1286 | D        | Killed a giant leech
  1291 | D        | Killed a vampire mosquito
  1297 | D        | Killed a spiny frog
  1308 | D        | Killed a giant leech
  1308 | D        | Reached XP level 11. HP: 41/85 MP: 13/13
  1315 | D        | Killed a blink frog
  1315 | D        | Reached skill level 19 in Axes
  1320 | D        | Killed a blink frog
  1646 | D        | Noticed Sonja
  1649 | D        | Noticed Gastronok
  1661 | D        | Killed Sonja
  1661 | D        | Reached skill level 1 in Invocations
  2114 | D        | Killed Gastronok
  2114 | D        | Reached skill level 20 in Axes
  2126 | D        | Noticed a wolf
  2127 | D        | Noticed a wolf
  2129 | D        | Noticed Grum
  2130 | D        | Killed a wolf
  2131 | D        | Noticed a wolf
  2134 | D        | Killed a wolf
  2135 | D        | Noticed a wolf
  2142 | D        | Killed Grum
  2146 | D        | Killed a wolf
  2148 | D        | Killed a wolf
  2159 | D        | Noticed Eustachio
  2188 | D        | Killed Eustachio
  2240 | D        | Noticed an orc priest
  2240 | D        | Noticed an orc wizard
  2240 | D        | Noticed an orc priest
  2240 | D        | Noticed an orc priest
  2240 | D        | Noticed an orc wizard
  2243 | D        | Noticed an orc wizard
  2249 | D        | Killed an orc priest
  2251 | D        | Killed an orc wizard
  2252 | D        | Killed an orc wizard
  2254 | D        | Killed an orc priest
  2258 | D        | Killed an orc priest
  2259 | D        | Noticed an orc priest
  2261 | D        | Killed an orc wizard
  2269 | D        | Killed an orc priest
  2376 | D        | Noticed an orc warrior
  2376 | D        | Noticed an orc priest
  2376 | D        | Noticed an orc sorcerer
  2376 | D        | Noticed an orc priest
  2376 | D        | Noticed an orc warrior
  2376 | D        | Noticed an orc warrior
  2378 | D        | Noticed an orc knight
  2379 | D        | Killed an orc priest
  2385 | D        | Killed an orc warrior
  2388 | D        | Killed an orc sorcerer
  2390 | D        | Killed an orc warrior
  2391 | D        | Noticed an orc warrior
  2395 | D        | Noticed an orc warrior
  2399 | D        | Noticed an orc warrior
  2399 | D        | Killed an orc knight
  2402 | D        | Killed an orc warrior
  2402 | D        | Reached skill level 5 in Invocations
  2407 | D        | Noticed an orc warrior
  2409 | D        | Noticed an orc warrior
  2412 | D        | Killed an orc warrior
  2417 | D        | Killed an orc warrior
  2422 | D        | Killed an orc warrior
  2424 | D        | Killed an orc priest
  2427 | D        | Killed an orc warrior
  2427 | D        | Reached skill level 21 in Axes
  2432 | D        | Killed an orc warrior
  2600 | D        | Found Cuedeot's General Store.
  2600 | D        | Noticed a deep troll
  2600 | D        | Noticed an ogre mage
  2600 | D        | Noticed a hill giant
  2600 | D        | Noticed a hill giant
  2600 | D        | Noticed a hill giant
  2602 | D        | Noticed an ogre mage
  2604 | D        | Noticed a troll
  2604 | D        | Killed a deep troll
  2604 | D        | Reached XP level 12. HP: 76/95 MP: 14/16
  2610 | D        | Killed an ogre mage
  2618 | D        | Noticed a hill giant
  2618 | D        | Killed a hill giant
  2619 | D        | Found Sucegenk's Book Shoppe.
  2627 | D        | Killed a hill giant
  2630 | D        | Killed a hill giant
  2631 | D        | Noticed a deep troll
  2632 | D        | Killed an ogre mage
  2634 | D        | Killed a troll
  2641 | D        | Killed a hill giant
  2714 | D        | Killed a deep troll
  2714 | D        | Reached skill level 22 in Axes
  3040 | D        | Found Gator's Antique Weapon Emporium.
  3044 | D        | Found Heor's Jewellery Shoppe.
  3046 | D        | Noticed a hill giant
  3047 | D        | Noticed a troll
  3048 | D        | Noticed a hill giant
  3049 | D        | Noticed an ogre mage
  3057 | D        | Killed a hill giant
  3057 | D        | Reached skill level 10 in Fighting
  3059 | D        | Killed a troll
  3063 | D        | Killed a hill giant
  3068 | D        | Killed an ogre mage
  3096 | D        | Bought the ring of Eluefyz {SustAt *Corrode rF+ MP+9} for 336 gold pieces
  3096 | D        | Bought the ring of Xangoef {rPois Str+4 Slay+2 Stlth-} for 461 gold pieces
  3102 | D        | Bought a +1 pair of boots for 149 gold pieces
  3121 | D        | Bought a +3 ring of protection for 273 gold pieces
  3287 | D        | Got the +6 bardiche "Hell-Harrower" {speed, rF+}
  3440 | D        | Noticed a troll
  3440 | D        | Noticed a yaktaur
  3440 | D        | Noticed an orc knight
  3440 | D        | Noticed a giant frog
  3440 | D        | Noticed an efreet
  3442 | D        | Killed a troll
  3443 | D        | Noticed a slime creature
  3447 | D        | Killed a yaktaur
  3448 | D        | Noticed a tengu reaver
  3451 | D        | Noticed a centaur warrior
  3455 | D        | Killed an orc knight
  3455 | D        | Reached skill level 1 in Polearms
  3458 | D        | Killed a giant frog
  3463 | D        | Noticed an ice dragon
  3465 | D        | Noticed an ettin
  3468 | D        | Killed a tengu reaver
  3469 | D        | Killed an efreet
  3470 | D        | Noticed a deep troll earth mage
  3472 | D        | Killed a slime creature
  3472 | D        | Reached XP level 13. HP: 42/105 MP: 18/20
  3474 | D        | Noticed a giant frog
  3474 | D        | Killed a centaur warrior
  3474 | D        | Reached skill level 10 in Armour
  3476 | D        | Noticed a brown very ugly thing
  3477 | D        | Noticed a green ugly thing
  3483 | D        | Killed an ice dragon
  3488 | D        | Killed an ettin
  3488 | D        | Reached skill level 5 in Polearms
  3488 | D        | Reached skill level 10 in Invocations
  3496 | D        | Killed a brown very ugly thing
  3500 | D        | Killed a deep troll earth mage
  3503 | D        | Killed a brown ugly thing
  3506 | D        | Killed a giant frog
  3913 | D        | Noticed Donald
  3937 | D        | Killed Donald
  3939 | D        | Got a brightly glowing shield
  3950 | D        | Identified the +2 shield of the Cast Vote {Dex+5} (You took it off Donald in the Dungeon)
  4168 | D        | Noticed Psyche
  4173 | D        | Killed Psyche
  4240 | D        | Noticed a vampire mosquito
  4240 | D        | Noticed a blink frog
  4240 | D        | Noticed a bog body
  4240 | D        | Noticed a bog body
  4240 | D        | Noticed a swamp drake
  4240 | D        | Noticed a bog body
  4243 | D        | Killed a vampire mosquito
  4245 | D        | Noticed an alligator
  4245 | D        | Killed a blink frog
  4250 | D        | Killed a bog body
  4253 | D        | Killed a bog body
  4254 | D        | Noticed a swamp drake
  4256 | D        | Killed a swamp drake
  4260 | D        | Killed a bog body
  4264 | D        | Killed an alligator
  4264 | D        | Reached skill level 10 in Polearms
  4270 | D        | Killed a swamp drake
  4280 | D        | Noticed a jumping spider
  4280 | D        | Noticed a jumping spider
  4280 | D        | Noticed a jumping spider
  4280 | D        | Noticed a tarantella
  4280 | D        | Noticed a tarantella
  4280 | D        | Noticed a tarantella
  4283 | D        | Noticed a trapdoor spider
  4284 | D        | Noticed a wasp
  4284 | D        | Killed a jumping spider
  4287 | D        | Killed a jumping spider
  4288 | D        | Noticed a wolf spider
  4294 | D        | Killed a tarantella
  4297 | D        | Killed a tarantella
  4298 | D        | Killed a jumping spider
  4302 | D        | Killed a tarantella
  4304 | D        | Killed a trapdoor spider
  4305 | D        | Killed a wasp
  4307 | D        | Killed a wolf spider
  4307 | D        | Reached skill level 15 in Shields
  4318 | D        | Noticed a snapping turtle
  4318 | D        | Noticed a sea snake
  4318 | D        | Noticed a merfolk aquamancer
  4318 | D        | Noticed a merfolk
  4318 | D        | Noticed a siren
  4318 | D        | Noticed a sea snake
  4322 | D        | Killed a snapping turtle
  4324 | D        | Killed a sea snake
  4327 | D        | Killed a merfolk aquamancer
  4329 | D        | Noticed a merfolk javelineer
  4334 | D        | Killed a merfolk
  4335 | D        | Noticed a hippogriff
  4336 | D        | Noticed a water nymph
  4341 | D        | Killed a siren
  4345 | D        | Killed a sea snake
  4352 | D        | Killed a merfolk javelineer
  4356 | D        | Killed a hippogriff
  4360 | D        | Killed a water nymph
  4374 | D        | Noticed an anaconda
  4374 | D        | Noticed a naga mage
  4374 | D        | Noticed a greater naga
  4374 | D        | Noticed a shock serpent
  4374 | D        | Noticed a black mamba
  4374 | D        | Noticed a black mamba
  4377 | D        | Noticed a shock serpent
  4379 | D        | Killed an anaconda
  4379 | D        | Reached XP level 14. HP: 97/116 MP: 21/23
  4387 | D        | Noticed a black mamba
  4388 | D        | Killed a greater naga
  4390 | D        | Killed a naga mage
  4393 | D        | Noticed a naga
  4394 | D        | Killed a shock serpent
  4398 | D        | Killed a shock serpent
  4403 | D        | Killed a black mamba
  4406 | D        | Killed a black mamba
  4409 | D        | Killed a black mamba
  4413 | D        | Killed a naga
  4632 | D        | Noticed Frances
  4643 | D        | Killed Frances
  4709 | D        | Noticed a wizard
  4709 | D        | Noticed a spriggan berserker
  4709 | D        | Noticed an ogre mage
  4709 | D        | Noticed a tengu warrior
  4709 | D        | Noticed a great orb of eyes
  4709 | D        | Noticed a great orb of eyes
  4712 | D        | Killed a wizard
  4714 | D        | Noticed a spriggan berserker
  4715 | D        | Killed a spriggan berserker
  4718 | D        | Killed an ogre mage
  4718 | D        | Reached skill level 15 in Polearms
  4719 | D        | Noticed a deep troll earth mage
  4726 | D        | Killed a tengu warrior
  4730 | D        | Noticed a stone giant
  4731 | D        | Killed a great orb of eyes
  4733 | D        | Noticed an ettin
  4734 | D        | Killed a great orb of eyes
  4736 | D        | Noticed a deep troll earth mage
  4743 | D        | Killed a spriggan berserker
  4745 | D        | Killed a deep troll earth mage
  4756 | D        | Killed a stone giant
  4761 | D        | Killed an ettin
  4764 | D        | Killed a deep troll earth mage
  4766 | D        | Noticed a deep troll earth mage
  4769 | D        | Noticed an ogre mage
  4771 | D        | Noticed an ogre mage
  4777 | D        | Noticed a vampire knight
  4779 | D        | Killed a deep troll earth mage
  4783 | D        | Killed an ogre mage
  4785 | D        | Killed an ogre mage
  4786 | D        | Noticed a yaktaur captain
  4788 | D        | Killed a vampire knight
  4795 | D        | Noticed a rakshasa
  4797 | D        | Killed a yaktaur captain
  4799 | D        | Noticed a fire giant
  4812 | D        | Killed a fire giant
  4814 | D        | Killed a rakshasa
  4888 | D        | Noticed a freezing wraith
  4888 | D        | Noticed a vault sentinel
  4888 | D        | Noticed a wizard
  4888 | D        | Noticed a tarantella
  4888 | D        | Noticed an orb spider
  4888 | D        | Noticed an unseen horror
  4889 | D        | Killed a freezing wraith
  4890 | D        | Noticed a vampire mosquito
  4896 | D        | Noticed an ironheart preserver
  4897 | D        | a tarantella changed into a trapdoor spider
  4899 | D        | Killed a wizard
  4899 | D        | Reached XP level 15. HP: 125/127 MP: 25/25
  4905 | D        | Noticed a hornet
  4911 | D        | Killed a vault sentinel
  4912 | D        | an unseen horror changed into a blink frog
  4914 | D        | Killed an ironheart preserver
  4915 | D        | Killed an orb spider
  4916 | D        | Noticed an ogre mage
  4918 | D        | Noticed an octopode
  4921 | D        | Killed a vampire mosquito
  4922 | D        | Noticed a sphinx
  4926 | D        | Noticed a phantasmal warrior
  4928 | D        | Killed a hornet
  4932 | D        | Killed an ogre mage
  4937 | D        | Killed a phantasmal warrior
  4942 | D        | Killed an octopode
  4942 | D        | Reached skill level 15 in Fighting
  4943 | D        | Noticed a vault sentinel
  4946 | D        | Killed a sphinx
  4949 | D        | Noticed a freezing wraith
  4950 | D        | Noticed an ice dragon
  4952 | D        | Killed a vault sentinel
  4953 | D        | Noticed an ettin
  4953 | D        | Noticed a freezing wraith
  4955 | D        | Killed a freezing wraith
  4956 | D        | Noticed an ironheart preserver
  4957 | D        | Noticed an ironbrand convoker
  4960 | D        | Noticed a yaktaur captain
  4963 | D        | Killed an ice dragon
  4967 | D        | Killed an ettin
  4967 | D        | Reached skill level 15 in Invocations
  4973 | D        | Noticed an ancient lich
  4973 | D        | Noticed a vampire knight
  4973 | D        | Noticed a deep elf death mage
  4976 | D        | Killed an ironheart preserver
  4982 | D        | Killed a deep elf death mage
  4986 | D        | Killed a freezing wraith
  4989 | D        | Noticed a tentacled monstrosity
  5002 | D        | Killed a vampire knight
  5005 | D        | Killed an ironbrand convoker
  5010 | D        | Killed a yaktaur captain
  5016 | D        | Killed a tentacled monstrosity
  5023 | D        | Killed an ancient lich
  5283 | D        | Noticed Nikola
  5285 | D        | Noticed Mennas
  5286 | D        | Noticed Louise
  5296 | D        | Killed Nikola
  5340 | D        | HP: 1/131 [Mennas/scimitar of holy wrath (8)]
  5350 | D        | Killed Mennas
  5350 | D        | Reached XP level 16. HP: 42/139 MP: 28/28
  5359 | D        | Killed Louise
  5374 | D        | Noticed Xtahua
  5376 | D        | Noticed Frederick
  5408 | D        | HP: 1/139 [Xtahua/searing blast (59)]
  5418 | D        | Killed from afar by Xtahua

Vault maps used:
D:        linesprint

Action                   |  1- 3 |  4- 6 |  7- 9 | 10-12 | 13-15 | 16-18 || total
-------------------------+-------+-------+-------+-------+-------+-------++-------
Melee: War axe           |    55 |     7 |    46 |   338 |       |       ||   446
       Bardiche          |       |       |       |    29 |   464 |    10 ||   503
Invok: Upheaval          |       |       |       |       |       |     2 ||     2
Evoke: Wand              |       |       |     2 |     4 |       |       ||     6
  Use: Potion            |       |     2 |     2 |     3 |     9 |     5 ||    21
  Eat: Bread ration      |       |       |       |     2 |       |       ||     2
       Meat ration       |       |       |       |     1 |     1 |       ||     2
       Fruit             |       |       |       |       |     1 |       ||     1
